 Dungeon Crawl Stone Soup version 0.19.1-1-g22dce08 (webtiles) character file.

41 Alarkh the Chopper (level 3, -3/40 HPs)
             Began as a Centaur Monk on Jan 11, 2017.
             Slain by Jessica
             ... wielding a +5 club
              (5 damage)
             ... on level 2 of the Dungeon.
             The game lasted 00:01:49 (1714 turns).

Alarkh the Chopper (Centaur Monk)                   Turns: 1714, Time: 00:01:49

Health: -3/40      AC: 21    Str: 13    XL:     3   Next: 32%
Magic:  3/3        EV:  1    Int: 12    God:
Gold:   53         SH:  0    Dex: 11    Spells: 0 memorised, 2 levels left

rFire  . . .     SeeInvis .     a - +0 hand axe
rCold  . . .     Gourm    .     (armour currently unavailable)
rNeg   + + +     Faith    .     (no shield)
rPois  +         Spirit   .     (helmet currently unavailable)
rElec  .         Reflect  .     (cloak currently unavailable)
rCorr  .         Harm     .     (gloves currently unavailable)
MR     .....     NoTele   +     (no barding)
Stlth  ++........               (no amulet)
                                (no ring)
                                (no ring)

@: tree-form, slowed, very slow
A: (beak), (hooves 0), clever 1, (deformed body), (speed 0), frail 1, (tough
skin 0)
a: no special abilities


You were on level 2 of the Dungeon.
You were hungry.
You were a tree.
You visited 1 branch of the dungeon, and saw 2 of its levels.

You collected 53 gold pieces.

Inventory:

Hand Weapons
 a - a +0 hand axe (weapon)
Armour
 b - a +0 robe (melded)
Scrolls
 d - 2 scrolls of remove curse {unknown}
 g - a scroll of amnesia {unknown}
 i - a scroll of enchant armour {unknown}
 k - a scroll of identify {unknown}
Comestibles
 c - 2 bread rations


   Skills:
 - Level 3.0 Fighting
 + Level 4.0 Axes
 - Level 2.1 Dodging
 - Level 1.1 Stealth


You had 2 spell levels left.
You didn't know any spells.

Dungeon Overview and Level Annotations

Branches:
Dungeon (2/15)

Altars:
Ashenzari

Annotations:
D:2 Jessica


Innate Abilities, Weirdness & Mutations

((You have hooves in place of feet.))
((Armour fits poorly on your strangely shaped body.))
((You cover ground very quickly.))
((You have extremely tough skin. (AC +3)))
((You have a beak for a mouth.))
Your mind is acute. (Int +2)
You are frail. (-10% HP)


Message History

You are unaffected.
Jessica hits you but does no damage.
You closely miss Jessica.
Jessica is almost dead.
Jessica hits you but does no damage. x2
You barely miss Jessica.
Jessica is almost dead.
Jessica gestures wildly while chanting.
Jessica hits you but does no damage.
Jessica hits you with an enchanted club.
* * * LOW HITPOINT WARNING * * *
You barely miss Jessica.
Jessica is almost dead.
Jessica points at you and mumbles some strange words.
You are unaffected.
Jessica barely misses you.
You hit Jessica.
Jessica is almost dead.
Jessica hits you but does no damage.
Jessica casts a spell.
Jessica hits you with an enchanted club.
You die...

#. ###. ... #.######
####......#
..........#####
####..@♣.......
#....#.#(.#####
###......#...#
.........#.....
##......#.....#
#......#.....#
##########......###...#
........##...##.# #..#
#####.......(##.#


You could see Jessica.

Vanquished Creatures
  2 adders (D:2)
  A worm (D:2)
  2 bats
  A giant cockroach (D:1)
  3 goblins
  6 hobgoblins
  A frilled lizard (D:1)
  4 rats
20 creatures vanquished.

Notes
Turn   | Place    | Note
-------+----------+-------------------------------------------
     0 | D:1      | Alarkh the Centaur Monk began the quest for the Orb.
     0 | D:1      | Reached XP level 1. HP: 19/19 MP: 1/1
   176 | D:1      | Reached skill level 3 in Axes
   268 | D:1      | Found a shattered altar of Ashenzari.
   275 | D:1      | Reached XP level 2. HP: 14/26 MP: 2/2
  1369 | D:2      | Gained mutation: You are frail. (-10% HP) [potion of mutation]
  1369 | D:2      | Gained mutation: You have a beak for a mouth. [potion of mutation]
  1369 | D:2      | Gained mutation: Your mind is acute. (Int +2) [potion of mutation]
  1371 | D:2      | Reached XP level 3. HP: 9/27 MP: 3/3
  1687 | D:2      | Noticed Jessica
  1699 | D:2      | HP: 2/40 [adder (1)]
  1704 | D:2      | HP: 2/40 [adder (1)]
  1709 | D:2      | Reached skill level 4 in Axes
  1712 | D:2      | HP: 1/40 [Jessica/enchanted club (2)]
  1714 | D:2      | Slain by Jessica

Skill      XL: |  1  2  3 |
---------------+----------+-----
Axes           | 3 4 |  4.0
Fighting       | |  3.0
Dodging        | |  2.1
Stealth        | |  1.1

Action                   || total
-------------------------++-------
Melee: Hand axe          ||    84
       Kick              ||    10
       Peck              ||     1
  Use: Potion            ||     4
  Eat: Chunk             ||     1
Armor: Robe              ||    18
       Skin              ||    27
Dodge: Dodged            ||    29
